 Dungeon Crawl Stone Soup version 0.32-a0-913-g739538afd8 (webtiles) character file.

Game seed: 8580247656362388385

1525491 ragingrage the Grand Scion (level 27, 199/201 HPs)
             Began as a Barachi Shapeshifter on Apr 8, 2024.
             Was a High Priest of Hepliaklqana.
             Escaped with the Orb
             ... and 3 runes on Apr 9, 2024!
             The game lasted 01:46:09 (82956 turns).

ragingrage the Grand Scion (Barachi Shapeshifter)  Turns: 82956, Time: 01:46:09

Health: 199/201    AC: 26    Str: 19    XL:     27
Magic:  35/37      EV: 29    Int: 12    God:    Hepliaklqana [*****.]
Gold:   2747       SH:  0    Dex: 27    Spells: 27/36 levels left

rFire   + . .        K - +8 longbow (freeze)
rCold   + + +        (shield currently unavailable)
rNeg    + . .        J - +4 ring mail {rPois}
rPois   +            t - +2 helmet {Int+3}
rElec   +            e - +2 cloak
rCorr   .            q - +2 pair of gloves
SInv    +            U - -1 pair of boots "Nubo Xea" {^Drain rF+ rC+ SInv}
Will    ++++.        l - necklace of Bloodlust {Fury *Rage Will++ Int-3 Slay+6}
Stlth   ++           P - ring of the Princeling {rElec rC++ rN+}
HPRegen 0.53/turn    k - +6 ring of dexterity
MPRegen 0.25/turn

%: random rage (50%)
@: unable to hop, slow
A: reduced essence, amphibious, slowness 1, strong legs 2, +LOS, inability to
drink after injury 1
0: Orb of Zot
}: 3/15 runes: barnacled, silver, gossamer
a: Hop, Renounce Religion, Recall Ancestor, Ancestor Identity, Transference,
Idealise


You escaped.
You worshipped Hepliaklqana.
Hepliaklqana was extremely pleased with you.
You visited 10 branches of the dungeon, and saw 48 of its levels.
You visited the Abyss 2 times.
You also visited: Bailey.

You collected 6929 gold pieces.
You spent 4182 gold pieces at shops.

Inventory:

Hand Weapons
 K - a +8 longbow of freezing (weapon)
Missiles
 n - 9 throwing nets
Armour
 e - a +2 cloak (worn)
 m - a +3 leather armour of fire resistance
 q - a +2 pair of gloves (worn)
 t - a +2 helmet of intelligence (worn)
 J - a +4 ring mail of poison resistance (worn)
 U - the -1 pair of boots "Nubo Xea" (worn) {^Drain rF+ rC+ SInv}
   (You found it on level 3 of the Elven Halls)

   rF+:       It protects you from fire.
   rC+:       It protects you from cold.
   SInv:      It lets you see invisible.
   ^Drain:    It drains your maximum health when unequipped.
Jewellery
 k - a +6 ring of dexterity (right hand)
 l - the necklace of Bloodlust (around neck) {Fury *Rage Will++ Int-3 Slay+6}
   (You bought it in a shop on level 1 of the Elven Halls)

   [amulet of nothing]

   Fury:      It extends the wearer's berserk rage when killing foes.
   Int-3:     It affects your intelligence (-3).
   Slay+6:    It affects your accuracy & damage with ranged weapons and melee
   (+6).
   Will++:    It greatly increases your willpower.
   *Rage:     It berserks you when you make melee attacks (+50% chance).
 L - a ring of poison resistance
 P - the ring of the Princeling (left hand) {rElec rC++ rN+}
   (You took it off a deep elf annihilator on level 5 of the Vaults)

   [ring of positive energy]

   rC++:      It greatly protects you from cold.
   rElec:     It insulates you from electricity.
   rN+:       It protects you from negative energy.
 V - a ring of resist corrosion
 Y - the ring "Bigehag" {Fire rCorr Int+6}
   (You found it on level 3 of the Vaults)

   [ring of fire]

   Fire:      It enhances your fire magic.
   Int+6:     It affects your intelligence (+6).
   rF+:       It protects you from fire.
   rC-:       It makes you vulnerable to cold.
   rCorr:     It protects you from acid and corrosion.
Wands
 a - a wand of acid (33)
 c - a wand of digging (28)
 w - a wand of roots (33)
 y - a wand of mindburst (50)
 D - a wand of polymorph (24)
 T - a wand of charming (22)
Scrolls
 b - 4 scrolls of butterflies
 g - a scroll of acquirement
 h - 6 scrolls of blinking
 i - 9 scrolls of revelation
 j - 16 scrolls of teleportation
 p - 4 scrolls of fear
 r - 6 scrolls of vulnerability
 u - 9 scrolls of fog
 v - 5 scrolls of silence
 E - 3 scrolls of noise
 G - 9 scrolls of immolation
 M - 6 scrolls of poison
 S - a scroll of brand weapon
 Z - 3 scrolls of torment
Potions
 f - 8 potions of curing
 x - 7 potions of invisibility
 z - 12 potions of haste
 A - 9 potions of might
 B - 12 potions of ambrosia
 C - 2 potions of magic
 H - 5 potions of resistance
 I - 2 potions of enlightenment
 O - 4 potions of cancellation
 Q - 12 potions of heal wounds
 R - 3 potions of brilliance
 W - 6 potions of lignification
 X - 6 potions of mutation
Miscellaneous
 d - a box of beasts
 o - a phantom mirror
 s - a Gell's gravitambourine (2/2)
 F - a lightning rod (4/4)
 N - a tin of tremorstones (2/2)


   Skills:
 - Level 20.0 Fighting
 - Level 4.0 Short Blades
 - Level 20.0 Ranged Weapons
 - Level 20.0 Armour
 - Level 20.0 Dodging
 + Level 12.8 Stealth
 - Level 3.5 Unarmed Combat
 - Level 5.0 Spellcasting
 - Level 8.0 Hexes
 - Level 8.0 Necromancy
 - Level 10.0 Translocations
 - Level 20.1 Invocations
 - Level 19.0 Evocations
 - Level 6.0 Shapeshifting


You had 27 spell levels left.
You knew the following spells:

 Your Spells              Type           Power      Damage    Failure   Level
a - Fugue of the Fallen   Necr           22%        N/A       3%          3
c - Blink                 Tloc           54%        N/A       1%          2
f - Dimensional Bullseye  Hex/Tloc       12%        N/A       7%          4

Your spell library contained the following spells:

 Spells                   Type           Power      Damage    Failure   Level
 Apportation              Tloc           54%        N/A       1%          1
 Jinxbite                 Hex            44%        N/A       1%          2
 Lesser Beckoning         Tloc           54%        N/A       1%          2
 Sublimation of Blood     Necr           22%        N/A       1%          2
 Teleport Other           Tloc           27%        N/A       1%          3
 Sigil of Binding         Hex            22%        N/A       3%          3
 Tukima's Dance           Hex            22%        N/A       3%          3
 Passage of Golubria      Tloc           27%        N/A       4%          4
 Momentum Strike          Conj/Tloc      30%        3d8       5%          2
 Ensorcelled Hibernation  Hex/Ice        24%        N/A       8%          2
 Anguish                  Hex/Necr       11%        N/A       10%         4
 Cause Fear               Hex            11%        N/A       10%         4
 Dispel Undead            Necr           22%        3d12      10%         4
 Volatile Blastmotes      Fire/Tloc      30%        2d12      11%         3
 Cigotuvi's Dreadful Rot  Necr/Alch/Air  18%        N/A       14%         2
 Dazzling Flash           Conj/Hex       24%        N/A       16%         3
 Inner Flame              Hex/Fire       12%        N/A       16%         3
 Freeze                   Ice            12%        1d3       26%         1
 Magic Dart               Conj           12%        1d3       26%         1
 Shock                    Conj/Air       12%        1d3       26%         1
 Sting                    Conj/Alch      12%        1d3       26%         1
 Summon Small Mammal      Summ           12%        N/A       26%         1
 Call Imp                 Summ           6%         N/A       38%         2
 Mercury Vapours          Alch/Air       6%         N/A       38%         2
 Static Discharge         Conj/Air       6%         3-4/arc   38%         2
 Martyr's Knell           Necr/Summ      12%        N/A       45%         4
 Dispersal                Tloc           13%        N/A       56%         6
 Gell's Gavotte           Tloc           13%        2d(17-25) 56%         6
 Call Canine Familiar     Summ           3%         N/A       63%         3
 Frozen Ramparts          Ice            6%         1d1       63%         3
 Hailstorm                Conj/Ice       3%         3d5       63%         3
 Summon Ice Beast         Ice/Summ       3%         N/A       63%         3
 Swiftness                Air            3%         N/A       63%         3
 Silence                  Hex/Air        6%         N/A       82%         5
 Summon Mana Viper        Hex/Summ       12%        N/A       82%         5
 Yara's Violent Unravell  Hex/Alch       6%         3d5       82%         5
 Airstrike                Air            1%         2d(1-17)  95%         4
 Brom's Barrelling Bould  Conj/Erth      3%         2d3       95%         4
 Flame Wave               Conj/Fire      3%         2d5       95%         4
 Leda's Liquefaction      Alch/Erth      1%         N/A       95%         4
 Olgreb's Toxic Radiance  Alch           3%         N/A       95%         4
 Sticky Flame             Fire/Alch      3%         2d4       95%         4
 Summon Blazeheart Golem  Fire/Summ      3%         N/A       95%         4
 Summon Lightning Spire   Summ/Air       3%         N/A       95%         4
 Manifold Assault         Tloc           13%        N/A       98%         7
 Alistair's Intoxication  Alch           2%         N/A       100%        5
 Fireball                 Conj/Fire      1%         3d3       100%        5
 Lee's Rapid Deconstruct  Erth           1%         3d4*      100%        5
 Bombard                  Conj/Erth      1%         9d1       100%        6
 Permafrost Eruption      Ice/Erth       1%         2x4d2     100%        6
 Starburst                Conj/Fire      1%         6d3       100%        6
 Enfeeble                 Hex            11%        N/A       100%        7
 Malign Gateway           Summ/Tloc      7%         N/A       100%        7
 Monstrous Menagerie      Summ           1%         N/A       100%        7
 Summon Hydra             Summ           1%         N/A       100%        7
 Disjunction              Tloc           13%        N/A       100%        8
 Lehudib's Crystal Spear  Conj/Erth      1%         10d2      100%        8
 Maxwell's Capacitive Co  Air            1%         ∞         100%        8
 Summon Horrible Things   Summ           1%         N/A       100%        8
 Dragon's Call            Summ           1%         N/A       100%        9


Dungeon Overview and Level Annotations

Branches:
Dungeon (15/15)            Temple (1/1) D:6            Lair (5/5) D:10
 Shoals (4/4) Lair:3       Spider (4/4) Lair:3        Slime (0/5) Lair:5
    Orc (2/2) D:9             Elf (3/3) Orc:2        Vaults (5/5) D:13
  Crypt (0/3) Vaults:3     Depths (4/4) D:15            Zot (5/5) Depths:4
 Bailey (visited)

Altars:
Ashenzari
Cheibriados
Dithmenos
Elyvilon
Fedhas
Gozag
Hepliaklqana
Kikubaaqudgha
Makhleb
Nemelex Xobeh
Okawaru
Qazlal
Ru
Sif Muna
Trog
Uskayaw
Vehumet
Wu Jian
Xom
Yredelemnul
Zin
The Shining One
Beogh
Jiyva

Shops:
D:3 ?::?   D:8 ?   D:9 (   Orc:2 (*[=   Elf:1 =   Elf:2 [**:   Elf:3 *
Shoals:2 [   Shoals:3 *   Vaults:2 (   Vaults:3 ![   Vaults:4 ?
Vaults:5 !!?!!   Depths:1 :

Portals:
Hell: Depths:1 Depths:2 Depths:3 Depths:4
Abyss: Depths:1 Depths:3
Pandemonium: Depths:2
Ziggurat: Depths:2

Annotations:
D:7 1 exclusion
D:14 exclusion: downstairs
Elf:3 timneilson's ghost, veteran MiFi
Depths:1 3 runed translucent doors, Wyithres's ghost, adept MiFi
Zot:2 2 transporters


Innate Abilities, Weirdness & Mutations

Your life essence is reduced to manifest your ancestor. (-10% HP)
You are amphibious.
You cover ground slowly.
You can hop long distances.
You have an extended range of vision and can be seen from far away.
You occasionally lose the ability to drink potions when taking damage.


Message History

There is a stone staircase leading up here.
You climb upwards.
There is a stone staircase leading down here.
There is a stone staircase leading up here.
You climb upwards.
There is a stone staircase leading down here.
You see here a +0 whip.
There is a stone staircase leading up here.
You climb upwards.
There is a stone staircase leading down here.
A balrug and 2 sun demons come into view.
The sun demon shouts! x2
A sun demon comes into view.
The balrug gestures at you. Something smites you!
There is a stone staircase leading up, spattered with blood here.
You climb upwards.
There is a stone staircase leading down here.
(D) Dungeon (T) Temple (L) Lair (A) Shoals (N) Spider Nest (M) Slime Pits (O) Orcish Mines (E) Elven Halls (V) Vaults (C) Crypt (U) Depths (H) Hell (Z) Zot
Where to? (Tab/Enter - D:1 @ (x,y), ? - help)
You see here a +0 whip.
You see here a +0 ring mail.
Things that are here:
5 stones; a +0 short sword; a kobold skeleton An Executioner and 3 large abominations come into view.
Hop to where?
Press: ? - help, Dir - move target Boing!
There is a staircase leading out of the dungeon here.
Esokuoqo is recalled.
The Executioner hits you. The Executioner misses you.
The Executioner closely misses you.
Esokuoqo mumbles some strange words.
Esokuoqo seems to speed up.
The Executioner completely misses you. The Executioner misses you.
The Executioner closely misses you. The large abomination misses you.
You have escaped!

....#######.....# #....†..##..
.....(..........# #.##.#####.#
..#.######..##########......# #.#
....# #.ß.~~~~~~~~####.#.###.#
.#### ##.~~~.....~~#.#.......#
(## #.~~..~~~..~#.....##### ÷)##
###.~.X~~~~~..#.##### ## ...##
#.'.~.XX1..~~.#.## ##. ....##
#.'.~..~@~..~.+..## ##..
.....####.#.~~...R~.~.+...####...
.....+....#..~~~~~..~.#......+...
.....####.#~..~~~..~~.#...####...
....## #.#~~.....~~~.#..## ##..
...## #.##~~~~~~~~.ß.(## ##. .(##
#..##########..## ## +## #.....#
#.# ##.# # .# #....## #.# #.#


You could see the friendly Esokuoqo the knight (fast, reflecting), an
Executioner (ally target) and 3 large abominations.

Vanquished Creatures
  2 orbs of fire (Zot:5)
  An ancient lich (Zot:5)
  Mara (Shoals:4)
  Josephina (Depths:3)
  Vv (Zot:1)
  7 Killer Klowns (Zot:5)
  A curse toe (Zot:3)
  Margery (Vaults:3)
  4 golden dragons
  An electric golem (Zot:5)
  Rupert (D:13)
  Jorgrun (D:13)
  A hellephant (Vaults:3)
  7 tentacled monstrosities
  19 Orb Guardians
  2 deep elf blademasters (Elf:3)
  3 liches
  3 titans (Vaults:5)
  4 sphinxes
  5 quicksilver dragons
  5 death cobs
  Agnes (D:15)
  7 storm dragons
  5 tengu reavers
  Donald (Vaults:1)
  8 shadow dragons
  Aizul (Shoals:1)
  4 draconian monks
  Ilsuiw (Shoals:3)
  4 draconian shifters
  An iron dragon (Vaults:5)
  4 emperor scorpions (Spider:3)
  5 draconian knights
  5 fire giants
  5 frost giants
  3 draconian scorchers
  3 draconian stormcallers
  4 ghost moths
  6 deep elf sorcerers
  12 vault wardens
  A balrug (Zot:4)
  A juggernaut zombie (Depths:2)
  2 deep elf elementalists (Elf:3)
  3 formless jellyfish
  2 spriggan defenders (Depths:1)
  An orc warlord (Vaults:3)
  4 draconian annihilators
  9 deep elf demonologists
  19 ironbound preservers
  12 stone giants
  10 very ugly things
  6 green draconians
  7 dire elephants (Vaults:1)
  9 black draconians
  10 vampire knights
  8 deep elf annihilators
  10 ironbound thunderhulks
  5 deep elf death magi
  5 purple draconians
  Azrael (D:15)
  A lorocyproca (Depths:3)
  2 spark wasps
  5 red draconians
  11 yellow draconians
  A war gargoyle (Vaults:4)
  8 white draconians
  6 ettins
  12 merfolk impalers
  The ghost of Haduh the Mimic, a journeyman FeSh of Gozag (D:12)
  7 merfolk javelineers
  2 jiangshi (Depths:1)
  2 deep elf high priests
  5 fire dragons
  A crystal guardian (Vaults:4)
  14 yaktaur captains
  9 great orbs of eyes
  25 vault guards
  9 entropy weavers
  A hell beast (Depths:4)
  3 ice dragons
  3 rakshasas
  2 peacekeepers (Vaults:4)
  A salamander tyrant (Depths:4)
  4 spriggan air magi
  A spriggan zombie (Depths:2)
  2 merfolk avatars
  5 hydras
  11 centaur warriors
  4 ironbound frosthearts
  A caustic shrike simulacrum (Depths:2)
  2 merfolk aquamancers (Shoals:4)
  3 jorogumos
  2 ogre magi
  9 boulder beetles
  3 alligator snapping turtles
  A two-headed ogre (shapeshifter) (Vaults:5)
  A death knight (D:13)
  27 dancing weapons
  10 two-headed ogres
  3 orc high priests
  4 death yaks
  4 demonic crawlers
  2 satyrs
  7 deep troll shamans
  2 tengu warriors (D:15)
  4 spriggan berserkers
  Urug (D:10)
  2 deep troll earth magi
  2 skysharks
  A spriggan (Depths:1)
  2 sun demons
  11 hell knights
  17 deep elf knights
  4 iron trolls
  3 skeletal warriors
  47 deep trolls
  A spatial maelstrom (Abyss:3)
  A deep troll (shapeshifter) (Depths:3)
  3 flayed ghosts
  3 pharaoh ants
  6 arcanists
  A kraken simulacrum (Shoals:4)
  2 glowing orange brains
  20 ironbound convokers
  8 deep elf archers
  A glowing orange brain (shapeshifter) (D:15)
  9 sea snakes
  A sun moth (Spider:1)
  5 steelbarb worms
  12 orb spiders
  An orange crystal statue (Elf:2)
  2 lindwurms
  A golden dragon skeleton (Depths:2)
  27 deep elf zephyrmancers
  2 phantasmal warriors
  A lindwurm (shapeshifter) (Vaults:3)
  6 necromancers
  7 orc knights
  3 thermic dynamos (Elf:1)
  14 harpies
  A fire giant zombie (Depths:2)
  An obsidian bat (Orc:1)
  29 deep elf pyromancers
  35 ugly things
  11 fauns
  A shining eye (shapeshifter) (Depths:3)
  13 wolf spiders
  3 cyclopes
  13 manticores
  9 elephants
  5 orc sorcerers
  20 moths of wrath
  10 merfolk sirens
  8 meliai
  A guardian serpent (Lair:5)
  21 vault sentinels
  8 black mambas
  2 water nymphs
  5 kobold blastminers
  6 torpor snails
  An apocalypse crab (Abyss:3)
  An eye of devastation (shapeshifter) (Elf:2)
  4 gargoyles
  A frost giant skeleton (Depths:2)
  12 cane toads
  An unseen horror (D:10)
  8 rime drakes
  A cane toad (shapeshifter) (Elf:2)
  14 yaktaurs
  A freezing wraith (Vaults:5)
  A kobold demonologist (D:11)
  3 komodo dragons
  A tormentor (Zot:5)
  A tengu conjurer (D:14)
  A golden dragon simulacrum (Depths:3)
  33 merfolk
  6 trolls
  A hellwing (D:13)
  4 harpy zombies (Shoals:1)
  A queen bee (D:13)
  A shadow dragon simulacrum (Depths:3)
  7 polar bears
  A glass eye (Depths:2)
  8 blink frogs
  Grinder (D:4)
  A tarantella (shapeshifter) (Vaults:3)
  14 tarantellas
  4 hornets
  A jumping spider (shapeshifter) (Vaults:4)
  18 jumping spiders
  9 wind drakes
  A blink frog (shapeshifter) (Elf:3)
  6 dream sheep
  21 slime creatures
  9 snapping turtles
  A frost giant simulacrum (Depths:3)
  6 air elementals
  21 culicivoras
  A ynoxinul (Abyss:3)
  8 wyverns
  5 wraiths
  A hog (shapeshifter) (Vaults:4)
  A spriggan (shapeshifter) (Vaults:5)
  2 vampires
  19 water elementals
  A human (shapeshifter) (Elf:1)
  60 yaks
  A yak (shapeshifter) (Elf:3)
  7 fire elementals
  6 basilisks
  A chaos spawn (D:13)
  39 redbacks
  A neqoxec (Abyss:3)
  5 wargs
  2 redbacks (shapeshifter)
  2 steam dragons (Lair:5)
  A death yak simulacrum (Lair:5)
  4 vampire mosquitoes
  Menkaure (D:7)
  Edmund (D:4)
  A small abomination (Abyss:3)
  A hydra simulacrum (Lair:5)
  5 acid dragons
  2 hell hounds (D:15)
  2 glowing shapeshifter skeletons (Depths:2)
  Duvessa (D:7)
  18 water moccasins
  A laughing skull (Depths:1)
  35 orc warriors
  3 sky beasts
  2 swamp drakes (Lair:5)
  A black bear (shapeshifter) (D:13)
  4 black bears
  13 centaurs
  3 boggarts (Vaults:2)
  4 ogres
  8 wolves
  A phantom (D:7)
  2 kobold brigands
  7 bullfrogs
  2 weeping skulls (Abyss:3)
  A glowing shapeshifter simulacrum (Depths:3)
  6 scorpions
  4 earth elementals
  13 wights
  Dowan (D:7)
  5 elephant simulacra (Lair:5)
  20 killer bees (D:13)
  5 wolf zombies (Bailey)
  9 vampire bats (Bailey)
  5 electric eels
  4 hounds
  3 bombardier beetles
  6 jellies (Lair:5)
  16 orc priests
  5 sleepcaps
  Jessica (D:2)
  3 iguanas
  10 orc wizards
  A hell rat (Lair:5)
  15 gnolls
  16 adders
  3 shadow imps
  A white imp (D:6)
  2 hell rat simulacra (Lair:5)
  A ribbon worm (D:4)
  61 orcs
  7 ball pythons
  11 endoplasms
  A giant cockroach (D:4)
  6 goblins
  6 hobgoblins
  4 jackals
  8 quokkas
  4 bats
  3 frilled lizards (D:1)
  17 kobolds
  23 orc zombies (Bailey)
  5 rats
  An aspiring flesh (Zot:5)
  A tentacle (Shoals:4)
1773 creatures vanquished.

Vanquished Creatures (collateral kills)
  A dread lich (Zot:5)
  A juggernaut (Depths:3)
  Xtahua (Depths:3)
  3 Killer Klowns (Zot:5)
  A caustic shrike (Depths:3)
  3 golden dragons
  Nikola (Spider:1)
  Arachne (Spider:2)
  2 bone dragons
  A Brimstone Fiend (Zot:1)
  An electric golem (Zot:5)
  4 tentacled monstrosities
  6 Orb Guardians (Zot:5)
  A walking crystal tome (Depths:3)
  2 liches
  A walking divine tome (Depths:3)
  2 sphinxes
  A titan (Vaults:5)
  4 death cobs
  A tentacled starspawn (Abyss:3)
  3 quicksilver dragons
  Frances (D:13)
  A tengu reaver (Depths:3)
  7 shadow dragons
  4 storm dragons
  A protean progenitor (Zot:5)
  A draconian monk (Zot:5)
  2 frost giants (Depths:3)
  2 iron dragons
  2 draconian shifters
  A fire giant (Depths:3)
  A vault warden (Vaults:4)
  5 emperor scorpions
  A juggernaut zombie (Depths:2)
  A deep elf elementalist (Elf:1)
  Louise (Shoals:1)
  2 ghost moths
  2 deep elf sorcerers
  4 ironbound preservers
  2 stone giants
  2 formless jellyfish
  2 draconian annihilators
  12 very ugly things
  2 vampire knights
  A green draconian (Zot:4)
  A purple draconian (Zot:2)
  A yellow draconian (Zot:4)
  A black draconian (Zot:4)
  A war gargoyle (Vaults:4)
  A deep elf death mage (Vaults:4)
  3 red draconians
  A dire elephant (Vaults:1)
  4 white draconians
  A starcursed mass (Abyss:3)
  A spark wasp (Spider:4)
  An eidolon (Vaults:3)
  5 ettins
  5 merfolk impalers
  A merfolk javelineer (Shoals:4)
  A crystal guardian (Vaults:4)
  A jiangshi (Depths:1)
  A hydra (D:14)
  2 great orbs of eyes
  2 ice dragons
  13 vault guards
  8 ironbound frosthearts
  3 merfolk avatars
  An alligator snapping turtle (Shoals:4)
  2 jorogumos
  A peacekeeper (Vaults:4)
  A merfolk aquamancer (Shoals:4)
  A sphinx skeleton (Depths:2)
  2 boulder beetles
  2 satyrs (Shoals:3)
  7 dancing weapons (Elf:2)
  3 two-headed ogres
  A death yak (Lair:4)
  A tengu warrior (Depths:2)
  3 deep troll shamans
  2 deep troll earth magi
  A spriggan berserker (Depths:1)
  4 hell knights
  9 deep elf knights
  An iron troll (Depths:1)
  A skyshark (Shoals:1)
  A sun demon (Zot:4)
  2 skeletal warriors (D:14)
  3 deep elf archers (Elf:1)
  A glowing orange brain (Depths:3)
  2 sea snakes
  17 deep trolls
  A quicksilver dragon simulacrum (Depths:4)
  4 steelbarb worms
  3 orb spiders (Spider:4)
  A swamp dragon (Lair:5)
  A shadow dragon zombie (Depths:2)
  2 flayed ghosts
  2 harpies (Shoals:4)
  A tengu zombie (Depths:2)
  An ironbound convoker (Vaults:1)
  6 deep elf pyromancers
  A deep elf zephyrmancer (Elf:1)
  A necromancer (Vaults:3)
  2 cyclopes
  7 wolf spiders
  An orc knight (Orc:2)
  14 ugly things
  4 fauns
  2 frost giant zombies (Depths:2)
  2 manticores
  5 moths of wrath
  A meliai (Spider:3)
  2 black mambas
  A merfolk siren (Shoals:3)
  2 water nymphs
  2 vault sentinels (Vaults:4)
  An elephant (Lair:3)
  A titan simulacrum (Depths:2)
  2 cane toads
  2 torpor snails
  A rime drake (Lair:5)
  A kobold demonologist (D:11)
  8 yaktaurs
  A komodo dragon (D:11)
  A red devil (Zot:3)
  A harpy skeleton (Abyss:3)
  7 merfolk
  A harpy zombie (Shoals:1)
  4 wind drakes
  A blink frog (Lair:5)
  7 jumping spiders
  3 dream sheep
  6 tarantellas
  An ettin zombie (Depths:2)
  A snapping turtle (Shoals:2)
  3 culicivoras
  5 slime creatures
  10 water elementals
  An air elemental (Elf:1)
  A spriggan (Depths:4)
  2 basilisks
  17 yaks
  A wraith (D:13)
  4 fire elementals
  6 wyverns
  A warg (Orc:1)
  2 death yak simulacra (Lair:5)
  A spatial vortex (Abyss:3)
  19 redbacks
  3 vampire mosquitoes
  3 water moccasins
  2 acid dragons
  8 orc warriors
  A glowing shapeshifter skeleton (Depths:2)
  A laughing skull (Depths:1)
  A boggart (Vaults:2)
  3 wolves
  3 ogres
  9 centaurs
  4 kobold brigands
  2 bullfrogs
  A gnoll sergeant (D:10)
  A killer bee (D:13)
  An electric eel (D:10)
  A howler monkey (D:11)
  5 orc priests
  A gnoll bouda (D:9)
  A jelly (Lair:5)
  5 orc wizards
  3 gnolls (D:10)
  A white imp (Abyss:3)
  2 ufetubi (Abyss:3)
  15 orcs
  4 kobolds
501 creatures vanquished.

Vanquished Creatures (others)
  2 deep elf master archers (Elf:3)
  An orc warlord (Vaults:3)
  A stone giant (Vaults:5)
  A green draconian (Zot:1)
  A yellow draconian (Zot:1)
  A yaktaur captain (Vaults:5)
  A merfolk aquamancer (Shoals:1)
  A dancing weapon (Elf:2)
  3 deep elf archers
  A deep elf pyromancer (D:15)
  4 yaktaurs
  9 ancestors
  40 knights
  2 starspawn tentacles (Abyss:3)
  2 tentacles (Shoals:4)
70 creatures vanquished.

Grand Total: 2344 creatures vanquished

Notes
Turn   | Place    | Note
-------+----------+-------------------------------------------
     0 | D:1      | ragingrage the Barachi Shapeshifter began the quest for the
                  | Orb.
     0 | D:1      | Reached XP level 1. HP: 15/15 MP: 1/1
    94 | D:1      | Reached skill level 1 in Stealth
    94 | D:1      | Reached XP level 2. HP: 21/21 MP: 2/2
   368 | D:1      | Reached skill level 1 in Ranged Weapons
   585 | D:1      | Reached XP level 3. HP: 22/26 MP: 3/3
   958 | D:2      | Noticed Jessica
   970 | D:2      | Killed Jessica
   971 | D:2      | Reached XP level 4. HP: 9/32 MP: 4/4
  1361 | D:1      | Reached XP level 5. HP: 14/37 MP: 5/5
  1486 | D:1      | HP: 1/37 [gnoll/+0 halberd (7)]
  1492 | D:1      | HP: 1/37 [gnoll/+0 halberd (1)]
  2327 | D:3      | Found a stormy altar of Qazlal.
  2327 | D:3      | Found a white marble altar of Elyvilon.
  2394 | D:3      | Found Viosie's Magic Scroll Emporium.
  2401 | D:3      | Found Zuasaink's Book Shoppe.
  2407 | D:3      | Bought a scroll of fear for 56 gold pieces
  2755 | D:3      | Found Axkycwo's Book Shoppe.
  2805 | D:3      | Found Weagen's Weapon Shoppe.
  2842 | D:3      | Found Ageoseux's Magic Scroll Boutique.
  3226 | D:4      | Found a bloodstained altar of Trog.
  3266 | D:4      | Noticed Grinder
  3379 | D:4      | Noticed Edmund
  3395 | D:4      | Killed Edmund
  3396 | D:4      | Reached skill level 5 in Ranged Weapons
  3396 | D:4      | Reached XP level 6. HP: 33/43 MP: 2/6
  3606 | D:4      | Noticed a water moccasin
  3623 | D:4      | Killed a water moccasin
  3626 | D:4      | Reached XP level 7. HP: 48/48 MP: 7/7
  4727 | D:5      | Entered Level 5 of the Dungeon
  5073 | D:5      | Reached skill level 1 in Short Blades
  5218 | D:5      | Found a sacrificial altar of Ru.
  5229 | D:5      | Became a worshipper of Ru the Awakened
  5240 | D:5      | Reached XP level 8. HP: 54/54 MP: 8/8
  6584 | D:6      | Found a staircase to the Ecumenical Temple.
  6594 | Temple   | Entered the Ecumenical Temple
  6604 | Temple   | Fell from the grace of Ru
  6604 | Temple   | Became a worshipper of Hepliaklqana the Forgotten
  7088 | D:6      | Reached skill level 10 in Ranged Weapons
  7088 | D:6      | Reached XP level 9. HP: 59/59 MP: 9/9
  7203 | D:6      | Found a hide-covered altar of Uskayaw.
  7679 | D:7      | Found a flagged portal.
  7741 | Bailey   | Entered a bailey
  8008 | Bailey   | Noticed a gargoyle
  8033 | Bailey   | Killed a gargoyle
  8095 | Bailey   | Reached skill level 5 in Fighting
  8119 | Bailey   | Reached skill level 5 in Dodging
  8255 | Bailey   | Reached XP level 10. HP: 47/77 MP: 10/10
  8484 | Bailey   | Got the Collected Works on Associated Substances
  8564 | Bailey   | Identified the +0 scale mail of Servitude {rN+ Str+4}
  8605 | D:7      | Found a glowing silver altar of Zin.
  8615 | D:7      | Noticed Duvessa
  8627 | D:7      | Noticed Dowan
  8636 | D:7      | Killed Duvessa
  8644 | D:7      | Killed Dowan
  8771 | D:4      | Killed Grinder
  8887 | D:4      | Found an ornate altar of the Wu Jian Council.
  9514 | D:3      | Bought a scroll of enchant weapon for 105 gold pieces
  9514 | D:3      | Bought a scroll of enchant armour for 105 gold pieces
 10074 | D:7      | Noticed Menkaure
 10083 | D:7      | Killed Menkaure
 10494 | D:8      | Reached skill level 1 in Armour
 11012 | D:8      | Identified the +0 robe of Bawk {Str+5 Int-3 Archmagi}
 11259 | D:8      | Found Qudghues's Magic Scroll Shop.
 11263 | D:8      | Bought a scroll of poison for 48 gold pieces
 11355 | D:8      | Reached * piety under Hepliaklqana
 11764 | D:9      | Found a staircase to the Orcish Mines.
 11772 | D:9      | Noticed a two-headed ogre
 11785 | D:9      | Killed a two-headed ogre
 11884 | D:9      | Reached XP level 11. HP: 80/80 MP: 11/11
 12059 | D:9      | Reached skill level 5 in Armour
 12552 | D:9      | Found Laper's Weapon Emporium.
 12889 | D:10     | Entered Level 10 of the Dungeon
 13618 | D:10     | Reached skill level 10 in Fighting
 13887 | D:10     | Noticed a two-headed ogre
 13895 | D:10     | Killed a two-headed ogre
 13995 | D:10     | Found a staircase to the Lair.
 14018 | D:10     | Reached ** piety under Hepliaklqana
 14019 | D:10     | Remembered your ancestor Esokuoqo as a knight
 14124 | D:10     | Found a burning altar of Makhleb.
 14250 | D:10     | Noticed Urug
 14282 | D:10     | Killed Urug
 15126 | D:11     | Noticed a sixfirhy
 15396 | D:11     | Reached skill level 5 in Shapeshifting
 15673 | D:12     | Noticed a centaur warrior
 15687 | D:12     | Noticed a boulder beetle
 15690 | D:12     | Killed a centaur warrior
 15691 | D:12     | Reached XP level 12. HP: 37/87 MP: 4/12
 15879 | D:12     | Killed a boulder beetle
 16133 | D:12     | Reached skill level 10 in Dodging
 16133 | D:12     | Reached skill level 1 in Evocations
 16375 | D:12     | Noticed a boulder beetle
 16391 | D:12     | Killed a boulder beetle
 16928 | Lair:1   | Entered Level 1 of the Lair of Beasts
 18062 | Lair:1   | Reached *** piety under Hepliaklqana
 18234 | Lair:1   | Gained mutation: You can hop long distances. [Barachi
                  | growth]
 18234 | Lair:1   | Reached XP level 13. HP: 44/92 MP: 8/13
 18420 | Lair:1   | You fall into a shaft and drop 1 floor!
 18456 | Lair:2   | Reached skill level 15 in Ranged Weapons
 18601 | Lair:3   | Found a hole to the Spider Nest.
 19078 | Lair:3   | Reached **** piety under Hepliaklqana
 19210 | Lair:3   | Found a staircase to the Shoals.
 20927 | Lair:4   | Reached ***** piety under Hepliaklqana
 20998 | Lair:4   | Reached skill level 1 in Invocations
 21010 | Lair:4   | Reached XP level 14. HP: 99/99 MP: 15/15
 21686 | Lair:5   | Entered Level 5 of the Lair of Beasts
 22107 | D:3      | Bought 3 scrolls of enchant armour for 315 gold pieces
 22359 | Lair:5   | Reached skill level 5 in Invocations
 22672 | Lair:5   | Found a viscous altar of Jiyva.
 22672 | Lair:5   | Found a staircase to the Slime Pits.
 22838 | Lair:5   | Identified the +3 flail of Truncation {flame, Will+ Str-5
                  | Dex+5}
 23701 | Lair:5   | Identified the +4 flail "Cefremit" {heavy, SInv}
 24245 | Lair:5   | Reached XP level 15. HP: 105/105 MP: 20/20
 24411 | Orc:1    | Entered Level 1 of the Orcish Mines
 24550 | Orc:2    | Entered Level 2 of the Orcish Mines
 24599 | Orc:2    | Found a staircase to the Elven Halls.
 25544 | Orc:2    | Found Elaejumo's Assorted Antiques.
 25544 | Orc:2    | Found Goobice's Antique Armour Shoppe.
 25544 | Orc:2    | Found Wafiosu's Jewellery Emporium.
 25547 | Orc:2    | Found Ilocah's Weapon Boutique.
 25554 | Orc:2    | Bought a golden ring for 90 gold pieces
 26099 | D:13     | Found a runed translucent gate.
 26099 | D:13     | Found a runed translucent gate.
 26100 | D:13     | Found a runed translucent gate.
 26101 | D:13     | Found a roughly hewn altar of Beogh.
 26102 | D:13     | Noticed Haduh's ghost (journeyman FeSh)
 26104 | D:13     | Identified the +8 plate armour of the Harp {rElec Str+3
                  | Stlth+}
 26409 | D:12     | Killed Haduh's ghost
 26693 | D:13     | Noticed Rupert
 26701 | Abyss:3  | Found a corrupted altar of Lugonu.
 26701 | Abyss:3  | Cast into level 3 of the Abyss (Rupert)
 26985 | Abyss:3  | Noticed a tentacled starspawn
 26993 | Abyss:3  | Killed a tentacled starspawn
 27048 | D:13     | Escaped the Abyss
 27831 | D:13     | Reached skill level 10 in Armour
 27832 | D:13     | Noticed Jorgrun
 27838 | D:13     | Killed Jorgrun
 27839 | D:13     | Reached XP level 16. HP: 99/116 MP: 19/22
 28319 | D:13     | Noticed Frances
 28337 | D:13     | Killed Frances
 28441 | D:13     | Found a gate to the Vaults.
 28844 | D:13     | Killed Rupert
 29860 | D:15     | Entered Level 15 of the Dungeon
 29970 | D:15     | Noticed Azrael
 30897 | D:15     | Killed Azrael
 31332 | D:15     | Reached skill level 15 in Fighting
 31379 | D:15     | Noticed Agnes
 31386 | D:15     | Killed Agnes
 31643 | D:15     | Found a staircase to the Depths.
 32056 | Shoals:1 | Entered Level 1 of the Shoals
 32063 | Shoals:1 | Reached skill level 5 in Evocations
 32576 | Shoals:1 | Reached XP level 17. HP: 119/127 MP: 21/23
 32751 | Shoals:1 | Identified the serpent talisman of Slovenliness {rF+ Dex+5}
 32751 | Shoals:1 | Noticed Aizul
 32766 | Shoals:1 | Killed Aizul
 33176 | Shoals:1 | Noticed Louise
 33199 | Shoals:1 | Killed Louise
 33776 | Shoals:2 | Reached skill level 15 in Dodging
 33832 | Shoals:2 | Found Tunuqepn's Armour Shop.
 34629 | Shoals:2 | Reached ****** piety under Hepliaklqana
 34641 | Shoals:2 | Found a snail-covered altar of Cheibriados.
 35270 | Shoals:3 | Noticed Ilsuiw
 35874 | Shoals:3 | Found Xiuxtur's CLEARANCE SALE!.
 35884 | Shoals:3 | Bought a potion of haste for 70 gold pieces
 35884 | Shoals:3 | Bought 2 scrolls of identify for 28 gold pieces
 36189 | Shoals:3 | Killed Ilsuiw
 36680 | Shoals:4 | Entered Level 4 of the Shoals
 36981 | Shoals:4 | Reached XP level 18. HP: 80/134 MP: 19/24
 37724 | Shoals:4 | Noticed Mara
 37727 | Shoals:4 | Noticed ragingrage's illusion
 37924 | Shoals:4 | Noticed ragingrage's illusion
 38049 | Shoals:4 | Noticed ragingrage's illusion
 38363 | Shoals:4 | Killed Mara
 39037 | Shoals:4 | Reached skill level 5 in Stealth
 39277 | Shoals:4 | Paralysed by a formless jellyfish for 1 turns
 39282 | Shoals:4 | Paralysed by a formless jellyfish for 1 turns
 39668 | Shoals:4 | Got a barnacled rune of Zot
 39911 | Shoals:4 | Identified the +0 robe "Onaecsupydd" {rPois Will+}
 39984 | Spider:1 | Entered Level 1 of the Spider Nest
 40272 | Spider:1 | Reached skill level 10 in Evocations
 40534 | Spider:1 | Identified the +2 pair of gloves "Jyuruim" {+Blink Will-
                  | rCorr Int+3}
 40699 | Spider:1 | Noticed Nikola
 40709 | Spider:1 | Killed Nikola
 41562 | Spider:2 | Noticed Arachne
 41580 | Spider:2 | Killed Arachne
 41704 | Spider:2 | Reached XP level 19. HP: 140/141 MP: 23/25
 42859 | Spider:4 | Entered Level 4 of the Spider Nest
 46455 | Spider:4 | Got a gossamer rune of Zot
 46787 | Elf:1    | Entered Level 1 of the Elven Halls
 47209 | Elf:1    | Paralysed by an air elemental for 1 turns
 47366 | Elf:1    | Paralysed by an air elemental for 1 turns
 47388 | Elf:1    | Reached XP level 20. HP: 134/156 MP: 22/26
 48108 | Abyss:3  | Cast into level 3 of the Abyss (a deep elf sorcerer)
 48158 | Abyss:3  | Noticed a bone dragon
 48171 | Abyss:3  | Killed a bone dragon
 48189 | Elf:1    | Escaped the Abyss
 48278 | Elf:1    | Found Imuqast's Jewellery Shoppe.
 48287 | Elf:1    | Bought the necklace of Bloodlust {Fury *Rage Will++ Int-3
                  | Slay+6} for 543 gold pieces
 48287 | Elf:1    | Found the necklace of Bloodlust {Fury *Rage Will++ Int-3
                  | Slay+6}
 48659 | Elf:2    | Paralysed by an air elemental for 1 turns
 48743 | Elf:2    | Found Dohuvuc's Assorted Antiques.
 48792 | Elf:2    | Found Metufridgh's Antique Armour Shop.
 48793 | Elf:2    | Found Ynaivita's Assorted Antiques.
 48800 | Elf:2    | Bought a potion of heal wounds for 135 gold pieces
 48800 | Elf:2    | Bought a potion of curing for 81 gold pieces
 48800 | Elf:2    | Bought a scroll of immolation for 108 gold pieces
 48800 | Elf:2    | Found Xuskefub's General Store.
 48818 | Elf:2    | Bought a wavering garnet amulet for 170 gold pieces
 48818 | Elf:2    | Identified the amulet of the Dolphin {Reflect Str+3 SH+5}
                  | (You bought it in a shop on level 2 of the Elven Halls)
 48831 | Elf:2    | Found Rumopt's Tiny Tomes.
 49098 | Elf:2    | Found a huge runed translucent gate.
 49098 | Elf:2    | Found a huge runed translucent gate.
 49098 | Elf:2    | Found a huge runed translucent gate.
 49098 | Elf:2    | Found a huge runed translucent gate.
 49098 | Elf:2    | Found a huge runed translucent gate.
 49406 | Elf:2    | Learned a level 4 spell: Dimensional Bullseye
 49727 | Elf:2    | Reached skill level 1 in Hexes
 49727 | Elf:2    | Reached skill level 1 in Translocations
 50220 | Elf:3    | Entered Level 3 of the Elven Halls
 50226 | Elf:3    | Paralysed by an air elemental for 1 turns
 50264 | Elf:3    | Found Textoede's Assorted Antiques.
 50278 | Elf:3    | Bought 3 scrolls labelled ZOBRENUIS for 108 gold pieces
 50313 | Elf:3    | Found a runed translucent gate.
 50318 | Elf:3    | Found a runed translucent gate.
 50321 | Elf:3    | Noticed timneilson's ghost (veteran MiFi)
 50322 | Elf:3    | Found a runed translucent gate.
 50833 | Elf:3    | Noticed a Brimstone Fiend
 50958 | Elf:3    | Reached skill level 10 in Invocations
 50963 | Elf:3    | Noticed a Brimstone Fiend
 51233 | Elf:3    | Reached XP level 21. HP: 164/164 MP: 28/28
 51328 | Elf:3    | Reached skill level 5 in Hexes
 51337 | Elf:3    | Reached skill level 5 in Translocations
 51618 | Elf:3    | Identified the +10 morningstar "Lasiedupt" {freeze, Will+
                  | Dex+4}
 51939 | Elf:3    | Identified the amulet of Udeimuaz {Faith rPois rF+ rN+
                  | Int-2}
 52149 | Elf:3    | Identified the +10 trident "Yhethiut" {elec, rElec}
 52164 | Elf:3    | Identified the amulet of Mymusch {Faith Harm Rampage rC+}
 52194 | Elf:3    | Identified the staff of Objectivity {rPois Str+2 Alchemy}
 52537 | Elf:3    | Found Textoede's Assorted Antiques.
 53353 | Elf:3    | Identified the -1 pair of boots "Nubo Xea" {^Drain rF+ rC+
                  | SInv}
 53784 | Vaults:1 | Entered Level 1 of the Vaults
 53933 | Vaults:1 | Reached skill level 15 in Evocations
 54264 | Vaults:1 | Noticed Donald
 54274 | Vaults:1 | Killed Donald
 55079 | Vaults:1 | Learned a level 3 spell: Fugue of the Fallen
 55082 | Vaults:1 | Learned a level 2 spell: Blink
 55705 | Vaults:2 | Paralysed by a formless jellyfish for 1 turns
 56034 | Vaults:2 | Found Dedeadugh's Weapon Boutique.
 56387 | Vaults:2 | Reached skill level 1 in Necromancy
 56392 | Vaults:2 | Reached XP level 22. HP: 171/171 MP: 31/31
 56661 | Vaults:2 | Reached skill level 5 in Necromancy
 56740 | Vaults:2 | You fall into a shaft and drop 2 floors!
 56962 | Vaults:4 | Reached skill level 1 in Spellcasting
 57081 | Vaults:4 | Found Rirph's Magic Scroll Shoppe.
 57093 | Vaults:4 | Bought a scroll of fear for 72 gold pieces
 57958 | Vaults:4 | Paralysed by a formless jellyfish for 1 turns
 58382 | Vaults:3 | Found Iriajoc's Distillery.
 58391 | Vaults:3 | Bought a potion of heal wounds for 75 gold pieces
 58391 | Vaults:3 | Bought a potion of cancellation for 120 gold pieces
 58417 | Vaults:3 | Noticed Margery
 58431 | Vaults:3 | Killed Margery
 58545 | Vaults:3 | Reached skill level 5 in Spellcasting
 58583 | Vaults:3 | Reached XP level 23. HP: 164/176 MP: 32/32
 58738 | Vaults:3 | Found Weecheus's Armour Shop.
 58787 | Vaults:3 | Bought a +2 helmet of intelligence for 408 gold pieces
 58825 | Vaults:3 | Identified the +0 scale mail of Benevolence {rElec Will++
                  | Str+4}
 59072 | Vaults:3 | Found a staircase to the Crypt.
 59239 | Vaults:3 | Identified the ring "Bigehag" {Fire rCorr Int+6}
 59880 | Depths:1 | Entered Level 1 of the Depths
 60014 | Depths:1 | Found Hiqyununig's Book Shoppe.
 60219 | Depths:1 | Found a gateway to Hell.
 60233 | Depths:1 | Found a runed translucent gate.
 60234 | Depths:1 | Found a runed translucent gate.
 60234 | Depths:1 | Found a runed translucent gate.
 60236 | Depths:1 | Noticed Wyithres's ghost (adept MiFi)
 60308 | Depths:1 | Found a bloodstained altar of Trog.
 60411 | Depths:1 | Reached skill level 10 in Translocations
 60549 | Depths:1 | Found a one-way gate to the infinite horrors of the Abyss.
 60870 | Depths:2 | Found a one-way gate leading to the halls of Pandemonium.
 61620 | D:3      | Bought a scroll of blinking for 105 gold pieces
 61620 | D:3      | Bought a scroll of enchant weapon for 105 gold pieces
 64406 | Depths:2 | Found a one-way gateway to a ziggurat.
 64503 | Depths:2 | Got the Teachings on Subspace
 64631 | Depths:2 | Reached XP level 24. HP: 183/183 MP: 33/33
 64895 | Depths:3 | Noticed Xtahua
 64907 | Depths:3 | Killed Xtahua
 65214 | Depths:3 | You fall into a shaft and drop 1 floor!
 65214 | Depths:4 | Entered Level 4 of the Depths
 65220 | Depths:4 | Identified the +0 leather armour "Ocacoa" {Will++ Stlth+}
 65411 | Depths:4 | Found a gate to the Realm of Zot.
 65771 | Depths:4 | Reached skill level 15 in Armour
 66211 | Depths:3 | Found the amulet of the Four Winds {rN+ Will+++ Clar}
 66313 | Depths:3 | Identified the ring "Naunkergh" {Ice Will+++ rCorr Str-3
                  | Stlth+}
 66313 | Depths:3 | Noticed Josephina
 66321 | Depths:3 | Killed Josephina
 66482 | Depths:3 | Noticed a juggernaut
 66514 | Depths:3 | Killed a juggernaut
 67026 | Depths:3 | Noticed a caustic shrike
 67030 | Depths:3 | Identified the +0 arbalest "Barphucs" {elec, rF+ SInv}
 67033 | Depths:3 | Killed a caustic shrike
 67127 | Depths:3 | Got Watuq's Excursus on Rocky Obstruction
 67460 | Vaults:5 | Entered Level 5 of the Vaults
 68141 | Vaults:4 | Reached skill level 15 in Invocations
 68202 | Vaults:5 | Reached XP level 25. HP: 108/173 MP: 32/34
 68711 | Vaults:5 | Found Tirei's Distillery.
 68711 | Vaults:5 | Found Viadghet's Magic Scroll Shoppe.
 68714 | Vaults:5 | Found Favudugi's Distillery.
 68716 | Vaults:5 | Bought a potion of haste for 180 gold pieces
 68716 | Vaults:5 | Bought a potion of heal wounds for 90 gold pieces
 68716 | Vaults:5 | Bought a potion of heal wounds for 90 gold pieces
 68762 | Vaults:5 | Bought a scroll of teleportation for 57 gold pieces
 68762 | Vaults:5 | Bought a scroll of teleportation for 57 gold pieces
 68762 | Vaults:5 | Bought a scroll of teleportation for 57 gold pieces
 68770 | Vaults:5 | Found Lailiteg's Distillery.
 68968 | Vaults:5 | Bought a potion of heal wounds for 95 gold pieces
 69022 | Vaults:5 | Bought a potion of ambrosia for 144 gold pieces
 69262 | Vaults:5 | Found Gaeb's Distillery.
 69267 | Vaults:5 | Bought a potion of heal wounds for 80 gold pieces
 69267 | Vaults:5 | Bought a potion of heal wounds for 80 gold pieces
 69296 | Vaults:5 | Identified the +6 spear of Lust {venom, rC+ Will++}
 69434 | Vaults:5 | Identified the ring of Wiapn {rC+ Str+7}
 69441 | Vaults:5 | Identified the ring of the Princeling {rElec rC++ rN+}
 69444 | Vaults:5 | Identified the +7 broad axe "Ecaefo" {freeze, rPois rF+ rC-
                  | Int+7}
 69463 | Vaults:5 | Identified the +5 rapier of Wyrd {freeze, Will+}
 69546 | Vaults:5 | Got a silver rune of Zot
 69557 | Vaults:5 | Identified a scroll of acquirement
 69884 | Vaults:5 | Identified the staff of Nemelex Xobeh, Brewing {*Slow rF+
                  | Str+3 Stlth+ Fire Air}
 70001 | Vaults:5 | Got the Octavo of the Combined Xenolith
 70014 | Vaults:5 | Identified the ring "Xadoomu" {rC+ Str+3}
 70768 | Zot:1    | Entered Level 1 of the Realm of Zot
 71065 | Zot:1    | Noticed Vv
 71075 | Zot:1    | Killed Vv
 72915 | Vaults:4 | Bought a scroll of enchant armour for 135 gold pieces
 72915 | Vaults:4 | Bought a scroll of revelation for 135 gold pieces
 72915 | Vaults:4 | Bought a scroll of revelation for 135 gold pieces
 73491 | Zot:2    | Found a transporter.
 73657 | Zot:2    | Reached XP level 26. HP: 196/196 MP: 32/35
 73764 | Zot:2    | Found a sparkling altar of Nemelex Xobeh.
 73896 | Zot:2    | Found a transporter.
 73897 | Zot:2    | Found the Charlatan's Orb {orb Evoboost}
 78146 | Zot:5    | Entered Level 5 of the Realm of Zot
 79052 | Zot:5    | Noticed a Killer Klown
 79060 | Zot:5    | Noticed a Killer Klown
 79061 | Zot:5    | Killed a Killer Klown
 79074 | Zot:5    | Noticed a Killer Klown
 79513 | Zot:5    | Noticed a Killer Klown
 79515 | Zot:5    | Killed a Killer Klown
 79536 | Zot:5    | Killed a Killer Klown
 79936 | Zot:5    | Noticed a Killer Klown
 79946 | Zot:5    | Killed a Killer Klown
 80223 | Zot:5    | Noticed an orb of fire
 80237 | Zot:5    | Gained mutation: You occasionally lose the ability to drink
                  | potions when taking damage. [an orb of fire]
 80238 | Zot:5    | Killed an orb of fire
 80239 | Zot:5    | Noticed an ancient lich
 80401 | Zot:5    | Killed an ancient lich
 80402 | Zot:5    | Reached XP level 27. HP: 201/201 MP: 36/36
 80965 | Zot:5    | Identified the dragon-blood talisman of Rationality {rCorr}
 81468 | Zot:5    | Noticed a dread lich
 81503 | Zot:5    | Reached skill level 10 in Stealth
 81645 | Zot:5    | Killed a dread lich
 82156 | Zot:5    | Noticed an orb of fire
 82171 | Zot:5    | Killed an orb of fire
 82447 | Zot:5    | Got the Orb of Zot
 82609 | Depths:4 | Noticed Qyulep the pandemonium lord
 82739 | D:15     | Noticed Lalo Sum the pandemonium lord
 82795 | D:12     | Noticed Agumiena the pandemonium lord
 82956 | D:$      | Escaped with the Orb!

Illustrated notes

Levels and vault maps discovered:
D:1:      psy_arrival_whirlpool, layout_loops_corners
D:2:      layout_loops_corners, minmay_misc_feat_secret_circle, uniq_jessica
D:3:      layout_loops_ring, gammafunk_temple_overflow_pools, serial_shops,
          shop, shop, nicolae_shop_tiny_waterfront, shop,
          nicolae_shop_temple_entry_statues_fountains
D:4:      layout_basic, lemuel_tele_altar, pdpol_wu_jian_five_deadly_venoms,
          nicolae_half_adder, uniq_edmund, uniq_grinder
D:5:      layout_basic, mainiacjoe_overflow_24_doors
D:6:      layout_loops_ring, nicolae_uskayaw_dance_studio,
          minmay_temple_entry_poolview
D:7:      layout_basic, mainiacjoe_overflow_paths, enter_bailey_7,
          chequers_hall_statues_corner_a, uniq_menkaure, uniq_duvessa
D:8:      layout_cave_pools, serial_shops, nicolae_shop_back_alley_shop
D:9:      layout_basic, orc_0_dummy, serial_shops, nicolae_shop_rolling_square
D:10:     layout_basic, kennysheep_mini_moat, erik_lair_island,
          minmay_strange_pillars, uniq_urug
D:11:     layout_rooms
D:12:     layout_basic
D:13:     layout_roguey [special_room_bee], erik_vaults_2,
          biasface_ghost_orc_armoury, minivault_5, uniq_jorgrun, uniq_rupert,
          uniq_frances
D:14:     layout_cave_pods, chequers_serial_rivers_micro_b
D:15:     gammafunk_enter_depths_forms, layout_long_grid, serial_bayou_pond_a,
          uniq_agnes, uniq_azrael
Temple:   eino_temple_water
Lair:1:   layout_misc_corridors
Lair:2:   layout_small_grid, infiniplex_staircase_pool, serial_bayou_shore_b
Lair:3:   layout_regular_city, elwin_shoals_entry_rocks,
          spider_nest_entry_web_field
Lair:4:   layout_regular_city, beast_lair_carwin_3
Lair:5:   hangedman_lair_tendril_chambers, layout_misc_corridors,
          guppyfry_lair_end_dragon, nicolae_slime_entry_slimehenge, st_stairs_7,
          eino_house_with_fridge
Shoals:1: layout_shoals, nicolae_shoals_undead_eyrie, uniq_aizul, uniq_louise
Shoals:2: layout_shoals, serial_shops, nicolae_stop_n_shop_2,
          lemuel_centaur_altar
Shoals:3: layout_shoals, nicolae_shop_clearance, uniq_ilsuiw
Shoals:4: shoals_end_grunt_ice, layout_shoals, uniq_mara
Spider:1: layout_cave_pods, hellmonk_motheaten_closet, uniq_nikola
Spider:2: layout_spider_delve, uniq_arachne
Spider:3: layout_spider_delve, nicolae_spider_scorpion_nest
Spider:4: grunt_spider_rune_island
Orc:1:    layout_diamond_mine
Orc:2:    st_orc_rangers, layout_diamond_mine, regret_index_minedec_devilstone
Elf:1:    nicolae_elf_arrival_fired_up, layout_onion_city, serial_shops, shop,
          nicolae_elf_crossing_hall, minivault_27, abandoned_shop
Elf:2:    elven_hall_of_blades_hangedman_alternative [nicolae_blade_bullseye],
          layout_gridlike, minivault_16, nicolae_shop_i_like_small_books_too,
          minmay_shoptagon
Elf:3:    elf_hall, layout_gridlike, gammafunk_ghost_split, serial_shops,
          nicolae_shop_dealshenge
Vaults:1: nicolae_vaults_turnstiles, v_pattern_1, nicolae_vaults_house_3,
          v_misc_15, grunt_vaults_hallway_short,
          nicolae_vaults_storage_closets_2, nicolae_vaults_double_plus_1,
          nicolae_vaults_double_plus_2, layout_vaults_omnigrid, uniq_donald
Vaults:2: v_misc_12, v_rooms_3, v_misc_30, nicolae_vaults_variable_pillar_hall,
          vaults_room_grid, nicolae_vaults_cochlea,
          nicolae_vaults_windows_and_doors_thing, dpeg_vaults_monster_row,
          nicolae_vaults_diamond_2, grunt_vaults_diagonal, v_pattern_5,
          vaults_dpeg_encased_lava, layout_vaults_maze_bifur, serial_shops,
          nicolae_lakefront_shop
Vaults:3: minmay_crypt_entry_simple_box,
          nicolae_vaults_taking_the_gang_shopping, nicolae_vaults_triangles,
          nicolae_vaults_tetromino_Z_2, nicolae_vaults_minivaults, v_misc_18,
          nicolae_vaults_offset_grid_hallway_3, minmay_orc_keep,
          dpeg_vaults_monster_box, nicolae_vaults_tetromino_T_1,
          v_alt_pattern_2, nicolae_vaults_diagonal_hallway_7, vaults_room_grid,
          vaults_room_fancy_cross, layout_vaults_omnibox, serial_shops,
          nicolae_shop_industrial_runoff, uniq_margery
Vaults:4: nicolae_vaults_closet_pinwheel_4, nicolae_vaults_what_the_h,
          nicolae_vaults_trapezoid_2, hangedman_vaults_pinch, serial_ice_g,
          v_misc_15, nicolae_vaults_variable_pillar_hall,
          nicolae_vaults_more_shelving_1, v_pattern_4, v_rooms_1,
          nicolae_vaults_theta, layout_vaults_omnicross, serial_shops, shop
Vaults:5
Depths:1: layout_gridlike, hell_entry, abyss_entry_glasseish,
          chequers_serial_rivers_room_a, ebering_ghost_rock_garden,
          serial_shops, nicolae_book_shop_shelving,
          hangedman_abyss_or_decor_stabs, trog_three_pillars_becter
Depths:2: hangedman_screamer, layout_cave_pools, enter_ziggurat_f, pan_entry,
          kennysheep_boxes, hell_entry
Depths:3: kennysheep_four_of_diamonds, layout_cave_pools, hangedman_geh_valley,
          abyss_entry_crystal, nicolae_tricolors, nrook_mini_vaults,
          kennysheep_two_boxes, uniq_josephina, uniq_xtahua
Depths:4: grunt_x_marks_the_spot, layout_twisted_cross, grunt_mini_vestibule
Zot:1:    layout_onion_interference, regret_index_zotdec_serpentine_scales,
          uniq_vv
Zot:2:    gammafunk_dig_for_victory, layout_twisted_circle,
          regret_index_zotdec_glowing_original
Zot:3:    layout_onion, nicolae_zot_crop_circle, grunt_megastairs_3
Zot:4:    layout_twisted_circle, regret_index_zotdec_banners
Zot:5:    layout_misc_corridors, st_stairs_9

Skill      XL: |  1  2  3  4  5  6  7  8  9 10 11 12 13 14 15 16 17 18 19 20 21 22 23 24 25 26 27 |
---------------+----------------------------------------------------------------------------------+-----
Stealth        | 1 2 3 4 6 7 8 9 12 | 12.8
Ranged Weapons | 1 2 3 5 6 7 10 11 12 14 17 18 19 20 | 20.0
Short Blades   | 2 4 |  4.0
Fighting       | 6 9 10 12 15 16 19 20 | 20.0
Dodging        | 5 6 9 10 12 14 16 18 19 20 | 20.0
Armour         | 4 5 7 10 11 13 18 20 | 20.0
Shapeshifting  | 5 6 |  6.0
Evocations     | 4 5 9 10 12 14 15 16 19 | 19.0
Invocations    | 1 7 9 10 13 14 15 17 19 20 | 20.1
Hexes          | 4 5 7 8 |  8.0
Translocations | 4 6 8 10 | 10.0
Necromancy     | 1 8 |  8.0
Spellcasting   | 5 |  5.0
Unarmed Combat | |  3.5

Action                     |  1- 3 |  4- 6 |  7- 9 | 10-12 | 13-15 | 16-18 | 19-21 | 22-24 | 25-27 || total
---------------------------+-------+-------+-------+-------+-------+-------+-------+-------+-------++-------
  Melee: Unarmed           |    18 |    60 |       |       |       |       |       |       |       ||    78
         Dagger            |       |    39 |   364 |   373 |       |       |       |       |       ||   776
   Fire: Sling             |    60 |   134 |   367 |   501 |       |       |       |       |       ||  1062
         Shortbow          |       |       |    56 |       |       |       |       |       |       ||    56
         Arbalest          |       |       |       |   109 |   840 |  1112 |       |       |       ||  2061
         Longbow           |       |       |       |       |       |   380 |  1667 |  1400 |  1266 ||  4713
  Throw: Dart              |       |       |     2 |       |     4 |     2 |       |     1 |       ||     9
         Throwing net      |       |       |     1 |       |       |       |       |       |       ||     1
   Cast: Fugue of the Fall |       |       |       |       |       |       |       |    38 |    11 ||    49
         Dimensional Bulls |       |       |       |       |       |       |       |     7 |    21 ||    28
 Invoke: Recall Ancestor   |       |       |       |     7 |    20 |    20 |    12 |    10 |    18 ||    87
         Ancestor Life: Kn |       |       |       |     1 |       |       |       |       |       ||     1
         Idealise          |       |       |       |       |     4 |     6 |     9 |     4 |     9 ||    32
         Transference      |       |       |       |       |       |       |       |     1 |       ||     1
Ability: Hop               |     1 |     3 |     2 |     9 |     8 |     9 |     5 |    10 |     7 ||    54
  Evoke: Wand              |       |       |     3 |     6 |     2 |    11 |     9 |     4 |    12 ||    47
         Lightning rod     |       |       |       |     4 |     7 |       |       |       |       ||    11
         Box of beasts     |       |       |       |       |     1 |     3 |       |       |     1 ||     5
         Tin of tremorston |       |       |       |       |       |       |     2 |     1 |       ||     3
    Use: Potion            |       |     5 |     2 |       |     2 |     4 |       |     3 |     8 ||    24
         Scroll            |       |       |     4 |     5 |    16 |     8 |    12 |     2 |    13 ||    60
   Stab: Sleeping          |       |     1 |       |       |       |       |       |       |       ||     1
         Distracted        |       |       |       |     1 |       |       |       |       |       ||     1
         Betrayed ally     |       |       |       |     1 |       |       |       |       |       ||     1
 Armour: Animal skin       |    27 |    55 |       |       |       |       |       |       |       ||    82
         Skin              |       |     3 |       |       |       |       |       |       |       ||     3
         Leather armour    |       |    19 |   148 |    72 |   201 |    22 |   246 |       |       ||   708
         Ring mail         |       |    12 |   191 |   284 |    37 |   317 |    42 |   357 |   255 ||  1495
         Acid dragon scale |       |       |       |    51 |       |       |       |       |       ||    51
         Plate armour      |       |       |       |       |   104 |       |       |       |       ||   104
  Dodge: Dodged            |    26 |    78 |   268 |   332 |   290 |   580 |   637 |   683 |   324 ||  3218
         Form:             |       |     1 |       |       |       |       |       |       |       ||     1

Table legend: (Time is in decaauts)
 A = Elapsed time spent in this place.
 B = Non-inter-level travel time spent in this place.
 C = Inter-level travel time spent in this place.
 D = Time resting spent in this place.
 E = Time spent auto-exploring this place.
 F = Levels seen in this place.
 G = Mean time per level.
                   A        B        C        D        E       F      G
               +--------+--------+--------+--------+--------+-----+--------+
         Total |  90519 |  81234 |   9285 |  26729 |  40021 |  51 | 1774.9 |
       Dungeon |  27082 |  23438 |   3644 |   8062 |  11075 |  15 | 1805.5 |
        Temple |     24 |      2 |     22 |      0 |      0 |   1 |   24.0 |
          Lair |   7857 |   7167 |    690 |   1731 |   3994 |   5 | 1571.4 |
        Shoals |   8465 |   8178 |    287 |   3274 |   3520 |   4 | 2116.2 |
   Spider Nest |   6897 |   6315 |    582 |   3092 |   2240 |   4 | 1724.2 |
  Orcish Mines |   1954 |   1655 |    299 |    409 |    866 |   2 |  977.0 |
   Elven Halls |   7244 |   6838 |    406 |   1814 |   3826 |   3 | 2414.7 |
        Vaults |  10250 |   9270 |    980 |   1527 |   6014 |   5 | 2050.0 |
        Depths |   8008 |   6479 |   1529 |   2213 |   3177 |   4 | 2002.0 |
           Zot |  11401 |  10559 |    842 |   4269 |   5046 |   5 | 2280.2 |
         Abyss |    467 |    467 |      0 |    227 |      0 |   2 |  233.5 |
        Bailey |    867 |    867 |      0 |    106 |    261 |   1 |  867.0 |
               +--------+--------+--------+--------+--------+-----+--------+

Top non-repeatable levels by time:
Depths:1: 4184 daAuts
   Zot:5: 4029 daAuts
Spider:3: 3517 daAuts
Shoals:3: 3438 daAuts
   Elf:3: 3158 daAuts
    D:10: 3086 daAuts
     D:4: 2683 daAuts
Vaults:4: 2485 daAuts
    D:14: 2443 daAuts
    D:15: 2409 daAuts
  Lair:5: 2339 daAuts
Vaults:5: 2314 daAuts
   Elf:2: 2289 daAuts
    D:13: 2218 daAuts
   Zot:2: 2075 daAuts
